 Dungeon Crawl Stone Soup version 0.28.0-1-gb440e238dd (webtiles) character file.

Game seed: 16230259776005966775

101 fknight the Chopper (level 4, -3/41 HPs)
             Began as a Hill Orc Monk on Feb 27, 2022.
             Killed from afar by an orc wizard (7 damage)
             ... with a puff of flame
             ... on level 3 of the Dungeon.
             The game lasted 00:07:26 (1991 turns).

fknight the Chopper (Hill Orc Monk)                 Turns: 1991, Time: 00:07:27

Health: -3/41      AC:  8    Str: 15    XL:     4   Next: 75%
Magic:  4/4        EV: 11    Int: 10    God:
Gold:   112        SH:  0    Dex: 13    Spells: 3/3 levels left

rFire   . . .      SeeInvis .   a - +0 hand axe
rCold   . . .      Faith    .   (no shield)
rNeg    . . .      Spirit   .   c - +0 chain mail
rPois   .          Reflect  .   (no helmet)
rElec   .          Harm     .   (no cloak)
rCorr   .          Rampage  .   (no gloves)
Will    .....                   (no boots)
Stlth   ..........              (no amulet)
HPRegen 0.13/turn               n - ring of flight
MPRegen 0.09/turn               s - +4 ring of evasion

@: flying
A: no striking features
a: no special abilities


You were on level 3 of the Dungeon.
You visited 1 branch of the dungeon, and saw 3 of its levels.

You collected 112 gold pieces.

Inventory:

Hand Weapons
 a - a +0 hand axe (weapon)
 i - a +0 spear
 l - a +0 spear
 m - a +0 hunting sling
Missiles
 e - 15 arrows
 f - 8 sling bullets
 g - 32 bolts
 h - 77 stones (quivered)
Armour
 b - a +0 robe
 c - a +0 chain mail (worn)
 p - a +0 helmet
Jewellery
 n - a ring of flight (left hand)
 s - a +4 ring of evasion (right hand)
Scrolls
 d - a scroll of summoning
Potions
 j - a potion of degeneration
 k - a potion of brilliance
 o - a potion of lignification
 q - a potion of might {unknown}
 r - a potion of curing {unknown}
 t - a potion of flight {unknown}


   Skills:
 + Level 4.4 Fighting
 + Level 5.0 Axes
 + Level 3.0 Dodging
 + Level 2.5 Stealth


You had 3 spell levels left.
You didn't know any spells.
Your spell library was empty.

Dungeon Overview and Level Annotations

Branches:
Dungeon (3/15)

Altars:
Ru

Shops:
D:1 (   D:2 *


Message History

The orc is heavily wounded.
The orc hits you with a +0 short sword.
You hit the orc.
You kill the orc!
Your Axes skill increases to level 5!
An orc and an orc wizard come into view.
The orc wizard gestures wildly while chanting.
The orc wizard flickers and vanishes!
Deactivating autopickup; reactivate with Ctrl-A.
The orc throws a boomerang.
The boomerang hits you.
Items here: )))) [ †.
An orc comes into view. It is wielding a +0 hand axe.
Items here: ))) †.
Something hits you but does no damage.
Things that are here:
a +0 spear; a +0 animal skin You completely miss something.
You hit the orc. Something hits you. The orc closely misses you.
The orc misses you.
You hit the orc.
The orc is severely wounded.
You hit the orc but do no damage. You hit something but do no damage.
Something hits you but does no damage. The orc barely misses you.
The orc closely misses you.
You barely miss something. You hit the orc. You barely miss the orc.
Something hits you. The orc barely misses you.
The orc hits you with a +0 hand axe.
* * * LOW HITPOINT WARNING * * *
You barely miss something. You barely miss the orc. You hit the orc.
Something hits you.
* * * LOW HITPOINT WARNING * * *
The orc barely misses you.
A goblin comes into view. It is wielding a +0 club.
The orc hits you with a +0 hand axe.
* * * LOW HITPOINT WARNING * * *
As you read the scroll of summoning, it crumbles to dust.
Wisps of shadow whirl around you...
The goblin shouts!
You hear some strange, mumbled words.
A puff of flame appears from out of thin air!
The puff of flame hits you!
You die...

.......####..
#.#####
......## #.
#.#...#
#.##....#
###.......#
#..g(....##
#.#...)### #
#..)))#
####.†###
#@o..#
.....go{o..#
.....##g####
..## #.# ..#
#.# #.# #.#


You could see 2 orcs, a goblin, a friendly orc (summoned) and 2 friendly
goblins.

Vanquished Creatures
  A hound skeleton (D:3)
  Robin (D:3)
  A worm (D:2)
  2 orcs (D:3)
  4 bats
  2 endoplasms
  12 giant cockroaches
  9 goblins
  5 hobgoblins
  2 quokkas
  3 ball pythons (D:1)
  8 kobolds
  6 rats
56 creatures vanquished.

Vanquished Creatures (collateral kills)
  An ufetubus (D:3)
  A ball python (D:3)
  A giant cockroach (D:3)
3 creatures vanquished.

Grand Total: 59 creatures vanquished

Notes
Turn   | Place    | Note
-------+----------+-------------------------------------------
     0 | D:1      | fknight the Hill Orc Monk began the quest for the Orb.
     0 | D:1      | Reached XP level 1. HP: 19/19 MP: 1/1
   175 | D:1      | Found Golampuf's Weapon Shoppe.
   187 | D:1      | Reached XP level 2. HP: 27/27 MP: 2/2
  1046 | D:2      | Reached XP level 3. HP: 33/33 MP: 3/3
  1311 | D:2      | Found Riquabot's General Store.
  1641 | D:3      | Found a sacrificial altar of Ru.
  1884 | D:3      | Reached XP level 4. HP: 40/40 MP: 4/4
  1948 | D:3      | Noticed Robin
  1967 | D:3      | Killed Robin
  1983 | D:3      | Reached skill level 5 in Axes
  1991 | D:3      | Killed from afar by an orc wizard

Illustrated notes

Levels and vault maps discovered:
D:1:      amcnicky_arrival_single_pillar, layout_rooms, serial_shops,
          nicolae_shop_bloodbath_and_beyond
D:2:      minmay_roachtagon, layout_basic, serial_shops, nicolae_diamond_shop
D:3:      layout_rooms, old_standard_altar, nicolae_overflow_crystal_walls,
          nicolae_concentric_dashed_squares_wild, uniq_robin

Skill      XL: |  1  2  3  4 |
---------------+-------------+-----
Stealth        | 2 |  2.5
Fighting       | 4 |  4.4
Dodging        | 3 |  3.0
Axes           | 5 |  5.0

Action                   |  1- 3 |  4- 6 || total
-------------------------+-------+-------++-------
Melee: Hand axe          |    75 |    47 ||   122
       Punch             |       |     2 ||     2
 Fire: Hunting sling     |    29 |     5 ||    34
Throw: Stone             |    12 |       ||    12
  Use: Scroll            |     5 |     1 ||     6
       Potion            |       |     1 ||     1
 Stab: Sleeping          |     1 |       ||     1
Armor: Chain mail        |    58 |    27 ||    85
       Robe              |     1 |       ||     1
Dodge: Dodged            |    43 |    34 ||    77
